 Dungeon Crawl Stone Soup version 0.29-a0-723-gce39da1c22 (webtiles) character file.

Game seed: 14958222559305677138

28 ytrimaz the Chopper (level 3, 0/29 HPs)
             Began as a Demonspawn Berserker on June 28, 2022.
             Was a Follower of Trog.
             Succumbed to Sigmund's poison
             ... on level 2 of the Dungeon.
             The game lasted 00:01:24 (1099 turns).

ytrimaz the Chopper (Demonspawn Berserker)          Turns: 1099, Time: 00:01:24

Health: 0/29       AC:  8    Str: 19    XL:     3   Next: 0%
Magic:  3/3        EV:  7    Int:  8    God:    Trog [*.....]
Gold:   99         SH:  0    Dex: 12    Spells: 2/2 levels left

rFire   . . .      SeeInvis .   a - +0 hand axe
rCold   . . .      Faith    .   (no shield)
rNeg    . . .      Spirit   .   e - +0 chain mail
rPois   .          Reflect  .   (no helmet)
rElec   .          Harm     .   (no cloak)
rCorr   .          Rampage  .   (no gloves)
Will    .....                   (no boots)
Stlth   ..........              (no amulet)
HPRegen 0.09/turn               b - ring of flight
MPRegen 0.08/turn               (no ring)

@: mighty, lethally poisoned (0 -> -10), on berserk cooldown, flying, slowed,
very slow
A: powered by pain 2
a: Renounce Religion, Berserk


You were on level 2 of the Dungeon.
You worshipped Trog.
Trog was aware of your devotion.
You visited 1 branch of the dungeon, and saw 2 of its levels.

You collected 99 gold pieces.

Inventory:

Hand Weapons
 a - a +0 hand axe (weapon)
Armour
 e - a +0 chain mail (worn)
Jewellery
 b - a ring of flight (left hand)
Scrolls
 c - a scroll of enchant weapon {unknown}
 g - a scroll of teleportation


   Skills:
 - Level 3.0 Fighting
 * Level 3.8 Axes
 + Level 1.7 Armour
 - Level 1.7 Dodging


You had 2 spell levels left.
You didn't know any spells.
Your spell library was empty.

Dungeon Overview and Level Annotations

Branches:
Dungeon (2/15)

Altars:

Annotations:
D:2 Sigmund


Innate Abilities, Weirdness & Mutations

You sometimes gain power by taking damage.


Message History

There is a stone staircase leading up here.
There is a stone staircase leading down here.
You now have 99 gold pieces (gained 6).
Sigmund shouts!
Sigmund is nearby!
Sigmund is nearby!
A red film seems to cover your vision as you go berserk!
You feel yourself moving faster!
You feel mighty! Sigmund gestures at you while chanting.
You are confused.
You feel a strong urge to attack something.
Sigmund hits you but does no damage.
You are poisoned.
You feel sick.
You bump into the rock wall.
You feel your anger nearly subside.
You are no longer berserk.
You are exhausted.
You feel yourself slow down.
You feel sick. Sigmund barely misses you.
You bump into the rock wall.
You feel sick. Sigmund hits you but does no damage.
You are more poisoned.
Unknown command.
You bump into the rock wall.
You feel sick. Sigmund hits you but does no damage.
You feel sick.
Sigmund mumbles some strange words.
Sigmund flickers and vanishes!
Deactivating autopickup; reactivate with Ctrl-A.
You miss something.
You feel less confused.
You feel sick. Something hits you.
You are more poisoned.
You closely miss something.
You feel very sick. Something hits you!
* * * LOW HITPOINT WARNING * * *
You focus on the pain.
You feel very mighty all of a sudden.
You barely miss something.
You die...

#.. ########### #.#
#.........# #..
#.#######.# #.. #.#####
#.# #.. #.#...#
#.######.. #.#...#
#.........
#######.#...###.........
.......@.............>..
.
.......{..######........
.# #######...# #........
.. #...# #.......) .##
#...# ########. .. #...#
#. ....# #. .....# #.
#######.


There were no monsters in sight!

Vanquished Creatures
  3 endoplasms
  3 giant cockroaches (D:1)
  5 goblins
  2 hobgoblins (D:1)
  4 jackals (D:1)
  A ball python (D:1)
  A bat (D:1)
  2 frilled lizards (D:1)
  2 kobolds (D:1)
  2 rats (D:1)
25 creatures vanquished.

Notes
Turn   | Place    | Note
-------+----------+-------------------------------------------
     0 | D:1      | ytrimaz the Demonspawn Berserker began the quest for the
                  | Orb.
     0 | D:1      | Reached XP level 1. HP: 18/18 MP: 1/1
   143 | D:1      | Gained mutation: You sometimes gain a little power by
                  | taking damage. [demonic ancestry]
   143 | D:1      | Reached XP level 2. HP: 17/24 MP: 2/2
   921 | D:2      | Noticed Sigmund
  1019 | D:2      | Gained mutation: You sometimes gain power by taking damage.
                  | [demonic ancestry]
  1019 | D:2      | Reached XP level 3. HP: 29/29 MP: 3/3
  1099 | D:2      | Succumbed to Sigmund's poison

Illustrated notes

Levels and vault maps discovered:
D:1:      minmay_arrival_four_loops, layout_rooms
D:2:      layout_basic, serial_shops, shop, chequers_ecumenical_altar_simple,
          uniq_sigmund

Skill      XL: |  1 |
---------------+----+-----
Axes           | 3 |  3.8
Fighting       | |  3.0
Armour         | |  1.7
Dodging        | |  1.7

Action                   || total
-------------------------++-------
Melee: Hand axe          ||    73
       Punch             ||     2
Invok: Berserk           ||     2
  Use: Scroll            ||     4
Armor: Chain mail        ||    61
Dodge: Dodged            ||    43

Table legend: (Time is in decaauts)
 A = Elapsed time spent in this place.
 B = Non-inter-level travel time spent in this place.
 C = Inter-level travel time spent in this place.
 D = Time resting spent in this place.
 E = Time spent auto-exploring this place.
 F = Levels seen in this place.
 G = Mean time per level.
                   A        B        C        D        E       F      G
               +--------+--------+--------+--------+--------+-----+--------+
         Total |   1120 |   1088 |     32 |    262 |    591 |   2 |  560.0 |
       Dungeon |   1120 |   1088 |     32 |    262 |    591 |   2 |  560.0 |
               +--------+--------+--------+--------+--------+-----+--------+

Top non-repeatable levels by time:
     D:1: 956 daAuts
     D:2: 163 daAuts
